 Dungeon Crawl Stone Soup version 0.21.1 (webtiles) character file.

430 FullBlownAIDS the Ruffian (level 6, -1/45 HPs)
             Began as an Octopode Fighter on Feb 3, 2018.
             Slain by Blork the orc
             ... wielding a +0 battleaxe
              (10 damage)
             ... on level 5 of the Dungeon.
             The game lasted 00:05:36 (3866 turns).

FullBlownAIDS the Ruffian (Octopode Fighter)        Turns: 3866, Time: 00:05:37

Health: -1/45      AC:  1    Str: 18    XL:     6   Next: 99%
Magic:  6/6        EV: 14    Int: 10    God:
Gold:   231        SH:  0    Dex: 11    Spells: 5/5 levels left

rFire    . . .     SeeInvis .     - Unarmed
rCold    . . .     Gourm    .   (no shield)
rNeg     . . .     Faith    .   (helmet restricted)
rPois    .         Spirit   .   (no amulet)
rElec    .         Reflect  .   (no ring)
rCorr    .         Harm     .   (no ring)
MR       .....                  (no ring)
Stlth    ++........             (no ring)
HPRegen  0.15/turn              (no ring)
MPRegen  0.10/turn              (no ring)
                                (no ring)
                                (no ring)

@: about to teleport
A: almost no armour, stealthy swim, amphibious, 8 rings, constrict 8, camouflage
1, gelatinous body 1
a: no special abilities


You were on level 5 of the Dungeon.
You were not hungry.

You visited 1 branch of the dungeon, and saw 5 of its levels.

You collected 231 gold pieces.

Inventory:

Missiles
 o - 3 javelins (quivered)
Armour
 a - a +0 shield
Scrolls
 g - 2 scrolls of magic mapping
 i - 2 scrolls of enchant weapon
 k - a scroll of teleportation
 q - a scroll of amnesia
 s - a scroll of noise {unknown}
Potions
 b - 2 potions of might
 h - a potion of cancellation
 l - 2 potions of lignification
 m - 3 potions of curing
 p - 2 potions of agility
Books
 r - a book of Misfortune

   Spells                             Type                      Level
   a - Confusing Touch                Hexes                        1
   b - Confuse                        Hexes                        3
   c - Gell's Gravitas                Translocation                3
   d - Petrify                        Transmutation/Earth          4
   e - Metabolic Englaciation         Hexes/Ice                    5
   f - Yara's Violent Unravelling     Hexes/Transmutation          5
Comestibles
 c - 9 rations
 t - 2 chunks of flesh


   Skills:
 + Level 5.1 Fighting
 - Level 3.0 Dodging
 - Level 3.0 Shields
 + Level 5.9 Unarmed Combat


You had 5 spell levels left.
You didn't know any spells.

Dungeon Overview and Level Annotations

Branches:
Dungeon (5/15)
 Temple: D:4-7

Altars:
Gozag
Nemelex Xobeh
Trog
Uskayaw
Xom
Yredelemnul
Zin

Annotations:
D:5 Blork the orc


Innate Abilities, Weirdness & Mutations

You cannot wear most types of armour.
You are very stealthy in the water. (Stealth+)
You are amphibious.
You can wear up to eight rings at the same time.
You can use your tentacles to constrict eight enemies at once.
Your skin changes colour to match your surroundings (Stealth+).
Your rubbery body absorbs attacks. (AC +1, EV +1)


Message History

The magic dart hits you!
Drop what? 16/52 slots (_ for help) (? for menu, Esc to quit)
You remove your ring of teleportation.
You drop an uncursed ring of teleportation.
The crimson imp closely misses you.
Blork the orc mumbles some strange words.
Blork the orc seems to speed up.
The crimson imp blinks!
You aren't carrying any items that you can evoke.
Unknown command.
Blork the orc points at you and mumbles some strange words.
The puff of flame hits you!
The crimson imp blinks!
Blork the orc casts a spell at you. The puff of flame hits you!
* * * LOW HITPOINT WARNING * * *
A worker ant comes into view.
Found a stone staircase leading up.
As you read the scroll of teleportation, it crumbles to dust.
You feel strangely unstable. Blork the orc barely misses you.
Blork the orc hits you with a battleaxe!
You die...

*,,,,*,,,,,,,,,,,**
*,,,,*,,,,,,,,,,,,,
***,,*,,*,**,,,*,**
*,,,,>,,,,,,,,,,,
*,***,****,*,#,*,
*,***,*,,,,*..,*,
*,,,,,,,****.#***
#####****** *.# *
#.@.# ##.###* #.#o#
#....#
#.#.#########....#
#a#.......=...ยง..#
############.....#
#.....# ##....#
#....#* #....#,


You could see Blork the orc and a worker ant (sleeping).

Vanquished Creatures
  A phantom (D:3)
  A scorpion (D:3)
  A crimson imp (D:4)
  2 orc wizards
  3 worker ants (D:4)
  A hound skeleton (D:4)
  5 adders
  An adder skeleton (D:4)
  A worm (D:2)
  A dart slug (D:1)
  A leopard gecko (D:3)
  7 orcs
  A ball python (D:2)
  10 giant cockroaches
  6 goblins
  6 hobgoblins
  4 jackals (D:4)
  3 kobolds
  A quokka (D:3)
  6 bats
  5 frilled lizards
  2 rats (D:2)
69 creatures vanquished.

Notes
Turn   | Place    | Note
-------+----------+-------------------------------------------
     0 | D:1      | FullBlownAIDS the Octopode Fighter began the quest for the Orb.
     0 | D:1      | Reached XP level 1. HP: 16/16 MP: 1/1
   221 | D:1      | Reached XP level 2. HP: 21/21 MP: 2/2
   746 | D:2      | Reached XP level 3. HP: 15/26 MP: 3/3
  1176 | D:2      | Noticed an angel
  1176 | D:2      | Found a glowing silver altar of Zin.
  1178 | D:2      | Found a shimmering altar of Xom.
  1351 | D:2      | Found a sparkling altar of Nemelex Xobeh.
  1396 | D:2      | Reached XP level 4. HP: 30/31 MP: 4/4
  2101 | D:3      | Found a hide-covered altar of Uskayaw.
  2101 | D:3      | Found a bloodstained altar of Trog.
  2447 | D:4      | Reached XP level 5. HP: 27/36 MP: 5/5
  2632 | D:3      | Reached skill level 5 in Unarmed Combat
  2896 | D:3      | Reached XP level 6. HP: 29/44 MP: 6/6
  3167 | D:4      | Found an opulent altar of Gozag.
  3237 | D:4      | Noticed a phantom
  3557 | D:3      | Killed a phantom
  3711 | D:4      | Found a basalt altar of Yredelemnul.
  3792 | D:4      | Reached skill level 5 in Fighting
  3833 | D:5      | Entered Level 5 of the Dungeon
  3845 | D:5      | Gained mutation: You are dopey. (Int -2) [potion of mutation]
  3845 | D:5      | Lost mutation: You are dopey. (Int -2) [potion of mutation]
  3850 | D:5      | Noticed Blork the orc
  3866 | D:5      | Slain by Blork the orc

Skill      XL: |  1  2  3  4  5  6 |
---------------+-------------------+-----
Unarmed Combat | 3 4 5 |  5.9
Fighting       | 4 5 |  5.1
Dodging        | |  3.0
Shields        | |  3.0

Action                   |  1- 3 |  4- 6 || total
-------------------------+-------+-------++-------
Melee: Unarmed           |    68 |   127 ||   195
       Constrict         |    18 |    26 ||    44
       Tentacles         |     9 |    23 ||    32
       Punch             |     1 |     2 ||     3
  Use: Scroll            |       |    12 ||    12
       Potion            |       |     1 ||     1
 Stab: Sleeping          |     2 |     5 ||     7
  Eat: Chunk             |     1 |     8 ||     9
Armor: Skin              |     5 |     6 ||    11
Dodge: Dodged            |    44 |    84 ||   128
